AoeStats
← 文風

Socotra

506510529Analyzed
2v2 RM · 19d ago on Sep 13, 2026· 20m 25s· 4 players
Game mode
Random Map
Map size
Tiny (2 player)
Population
200
Speed
Normal
Resources
Standard
Victory
Conquest
Starting age
Dark Age
Ending age
Imperial Age
RankedLock teamsTeams togetherTeam positionsShared explorationLock speedFull tech treeHidden civsTurbo modeCheats
Victory
Defeat
🇹🇷 Maya · Türkiye
1494
+11
🇦🇷 Khmer · Argentina
1445
+13
🇭🇰 Poles · Hong Kong SAR China
1409
-12
🇺🇸 Maya · United States
1371
-12
ELBIO
6:38 Loom
9:11 Feudal Age
12:19 Horse Collar
17:55 Double-Bit Axe
Bombacı Mülayim
0:25 Loom
8:45 Feudal Age
12:09 Fletching
14:55 Horse Collar
18:43 Padded Archer Armor
20:28 Wheelbarrow
Seneca
0:31 Loom
10:34 Feudal Age
15:38 Scale Mail Armor
文風
8:46 Feudal Age
8:01 Loom
9:12 Double-Bit Axe
Connection lost

Rejoining the realm…

Still unreachable

The connection could not be restored.

Session expired

The server has moved on; the page needs a fresh start.